AoeStats
← ivcrk826

Lombardia

509093432Analyzed
3v3 RM · 6d ago on Sep 25, 2026· 25m 39s· 6 players
Game mode
Random Map
Map size
Normal (6 player)
Population
200
Speed
Normal
Resources
Standard
Victory
Conquest
Starting age
Dark Age
Ending age
Imperial Age
RankedLock teamsTeams togetherTeam positionsShared explorationLock speedFull tech treeHidden civsTurbo modeCheats
Victory
Defeat
🇦🇷 Britons · Argentina
1455
+12
🇪🇸 Persians · Spain
1387
+15
🇪🇨 Ethiopians · Ecuador
1344
+17
🇩🇪 Franks · Germany
1412
-17
🇩🇪 Magyars · Germany
1410
-16
1284
-11
DerZerSchlachta
11:11 Feudal Age
9:29 Loom
11:15 Feudal Age
15:37 Castle Age
14:10 Double-Bit Axe
17:00 Bow Saw
21:54 Scale Barding Armor
DerButtermesserSchlitzer
7:26 Loom
10:12 Feudal Age
12:27 Bloodlines
14:29 Double-Bit Axe
17:25 Horse Collar
21:27 Wheelbarrow
23:40 Castle Age
21:51 Scale Barding Armor
DerZerfetzer
5:51 Loom
7:18 Loom
9:31 Feudal Age
10:19 Double-Bit Axe
11:05 Horse Collar
17:54 Scale Mail Armor
18:02 Scale Barding Armor
23:39 Castle Age
[ECU] QUITUS
6:24 Loom
9:08 Feudal Age
9:39 Double-Bit Axe
13:44 Fletching
17:03 Padded Archer Armor
26:25 Castle Age
24:35 Horse Collar
24:48 Gold Mining
26:04 Forging
MTC
6:50 Loom
9:20 Feudal Age
10:03 Double-Bit Axe
15:01 Wheelbarrow
20:27 Castle Age
19:04 Bloodlines
20:22 Forging
20:18 Scale Barding Armor
25:31 Iron Casting
ivcrk826
6:57 Loom
10:36 Feudal Age
16:52 Castle Age
15:22 Fletching
16:34 Padded Archer Armor
16:54 Gold Mining
17:30 Bodkin Arrow
17:57 Double-Bit Axe
25:24 Husbandry
Connection lost

Rejoining the realm…

Still unreachable

The connection could not be restored.

Session expired

The server has moved on; the page needs a fresh start.